 Dungeon Crawl Stone Soup version 0.20-a0-656-g9b0dcd9 (webtiles) character file.

1756 Klosterheim the Basher (level 9, 0/51 HPs)
             Began as a Gargoyle Fighter on Feb 17, 2017.
             Slain by an orc warrior
             ... wielding a +0 scimitar
              (13 damage)
             ... on level 6 of the Dungeon.
             The game lasted 00:06:50 (5681 turns).

Klosterheim the Basher (Gargoyle Fighter)           Turns: 5681, Time: 00:06:51

Health: 0/51       AC: 18    Str: 23    XL:     9   Next: 6%
Magic:  9/9        EV:  4    Int:  9    God:
Gold:   243        SH:  9    Dex:  9    Spells: 8/8 levels left

rFire    . . .     SeeInvis .   w - +0 morningstar
rCold    . . .     Gourm    .   u - +0 plate armour (curse)
rNeg     + . .     Faith    .   c - +0 shield
rPois    ∞         Spirit   .   (no helmet)
rElec    +         Reflect  .   (no cloak)
rCorr    .         Harm     .   n - +0 pair of gloves
MR       .....                  (no boots)
Stlth    ..........             (no amulet)
Regen    0.2/turn               (no ring)
MPRegen  0.2/turn               (no ring)

@: no status effects
A: negative energy resistance 1, electricity resistance, unbreathing,
petrification resistance, rot immunity, AC +5
a: no special abilities


You were on level 6 of the Dungeon.
You were very hungry.

You visited 1 branch of the dungeon, and saw 7 of its levels.

You collected 243 gold pieces.

Inventory:

Hand Weapons
 w - a +0 morningstar (weapon)
Armour
 c - a +0 shield (worn)
 n - a +0 pair of gloves (worn)
 u - a cursed +0 plate armour (worn)
Scrolls
 e - a scroll of recharging {unknown}
 h - a scroll of teleportation
 k - 5 scrolls of remove curse
 p - 2 scrolls of identify
 v - a scroll of fog {unknown}
Potions
 d - a potion of might
 i - a potion of haste {unknown}
 j - 5 potions of flight
 m - a potion of lignification {unknown}
 o - a potion of agility {unknown}
 r - a potion of cancellation
 s - 2 potions of heal wounds
 t - 2 potions of curing
Comestibles
 f - 4 bread rations
 g - 16 fruits
 l - 3 royal jellies
 q - 3 meat rations


   Skills:
 - Level 3.2 Fighting
 + Level 11.3 Maces & Flails
 - Level 3.2 Armour
 - Level 3.2 Shields


You had 8 spell levels left.
You didn't know any spells.

Dungeon Overview and Level Annotations

Branches:
Dungeon (7/15)             Temple (0/1) D:5

Altars:
Fedhas
Gozag
Sif Muna
Uskayaw
Yredelemnul


Innate Abilities, Weirdness & Mutations

You are resistant to torment.
Your stone body is resilient. (AC +5)
You are immune to poison.
You resist negative energy. (rN+)
You are resistant to electric shocks. (rElec)
You can survive without breathing.
You are immune to petrification.
You are immune to rotting.


Message History

The orc wizard casts a spell at you. The magic dart hits you!
You hit the orc warrior but do no damage.
The orc warrior is lightly wounded.
The orc warrior hits you but does no damage.
The orc wizard gestures at you while chanting.
You easily resist.
The orc warrior hits you but does no damage.
The orc wizard hits you but does no damage.
You climb upwards.
There is a stone staircase leading down here.
Your plate armour prevents you from hitting the orc wizard.
The orc warrior hits you with a scimitar!
* * * LOW HITPOINT WARNING * * *
The orc wizard hits you but does no damage.
You sock the orc wizard!
The orc wizard is heavily wounded.
The orc wizard hits you but does no damage.
The orc warrior hits you with a scimitar!
You die...

######### #######
#.......# #.....#
#.......#######.....#
#.............#.....##
#.............'.......
####..........#.......
#.o........####....
#.@................
#..o.......####....
#..........# #....
#..........# #....
#..........# #....
#..........# #....
#..........# #....
############ ##.## #.#


You could see an orc warrior and an orc wizard.

Vanquished Creatures
  Prince Ribbit (D:6)
  Sigmund (D:6)
  An orc warrior (D:5)
  An ogre (D:4)
  A centaur (D:6)
  A crocodile (D:6)
  3 bullfrogs (D:6)
  A howler monkey (D:5)
  2 crimson imps
  3 hounds (D:6)
  A quasit (D:6)
  A centaur zombie (D:6)
  2 jellies
  2 orc wizards
  A bullfrog skeleton (D:3)
  3 orc priests
  3 iguanas
  4 worker ants
  6 gnolls
  8 adders
  2 worms
  2 dart slugs (D:3)
  3 leopard geckos
  15 orcs
  5 giant cockroaches
  4 hobgoblins
  4 jackals (D:5)
  3 kobolds
  7 quokkas
  A ball python (D:3)
  3 bats
  6 frilled lizards
  2 goblins (D:3)
  A jackal zombie (D:5)
  A quokka skeleton (D:6)
  8 rats
113 creatures vanquished.

Notes
Turn   | Place    | Note
-------+----------+-------------------------------------------
     0 | D:1      | Klosterheim the Gargoyle Fighter began the quest for the Orb.
     0 | D:1      | Reached XP level 1. HP: 14/14 MP: 1/1
   368 | D:1      | Reached XP level 2. HP: 19/19 MP: 2/2
   717 | D:2      | Reached skill level 3 in Maces & Flails
  1022 | D:2      | Found a basalt altar of Yredelemnul.
  1104 | D:2      | Found a deep blue altar of Sif Muna.
  1190 | D:3      | Reached skill level 4 in Maces & Flails
  1190 | D:3      | Reached XP level 3. HP: 18/23 MP: 3/3
  1284 | D:3      | Found a blossoming altar of Fedhas.
  1359 | D:3      | Reached XP level 4. HP: 16/28 MP: 4/4
  1974 | D:3      | Reached skill level 5 in Maces & Flails
  1974 | D:3      | Reached XP level 5. HP: 25/32 MP: 5/5
  2246 | D:3      | Found a hide-covered altar of Uskayaw.
  2616 | D:4      | Reached skill level 6 in Maces & Flails
  2616 | D:4      | Reached XP level 6. HP: 15/37 MP: 6/6
  3272 | D:5      | Entered Level 5 of the Dungeon
  3373 | D:5      | Reached skill level 7 in Maces & Flails
  3521 | D:5      | Reached XP level 7. HP: 37/41 MP: 7/7
  3732 | D:5      | Reached skill level 8 in Maces & Flails
  4009 | D:5      | Found a staircase to the Ecumenical Temple.
  4440 | D:6      | Reached skill level 9 in Maces & Flails
  4440 | D:6      | Reached XP level 8. HP: 46/46 MP: 8/8
  4845 | D:6      | Reached skill level 10 in Maces & Flails
  4907 | D:6      | Noticed Sigmund
  4913 | D:6      | Killed Sigmund
  5192 | D:6      | Noticed Prince Ribbit
  5218 | D:6      | Killed Prince Ribbit
  5218 | D:6      | Reached skill level 11 in Maces & Flails
  5218 | D:6      | Reached XP level 9. HP: 19/51 MP: 9/9
  5600 | D:6      | Found an opulent altar of Gozag.
  5681 | D:6      | Slain by an orc warrior

Vault maps used:
D:1:      roderic_chinese_lattice_arrival
D:2:      yredelemnul_altar_generic, minmay_misc_feat_alley,
          lemuel_blue_sif_altar
D:3:      eat_drink_and_be_merry_uskayaw, fedhas_altar_fruit_tree
D:4:      first_bread, grunt_decor_arrowhead
D:5:      minmay_temple_entry_statues, kennysheep_generic_room_13
D:6:      nicolae_gozag_cash_rules_everything_around_me, uniq_prince_ribbit1,
          uniq_sigmund
D:7:      vehumet_crystals, kennysheep_generic_room_4

Skill      XL: |  1  2  3  4  5  6  7  8 |
---------------+-------------------------+-----
Maces & Flails | 4 5 6 7 9 11 | 11.3
Fighting       | |  3.2
Armour         | |  3.2
Shields        | |  3.2

Action                   |  1- 3 |  4- 6 |  7- 9 || total
-------------------------+-------+-------+-------++-------
Melee: Flail             |   115 |   266 |   183 ||   564
       Morningstar       |       |       |    51 ||    51
  Use: Scroll            |       |    10 |       ||    10
       Potion            |       |       |     2 ||     2
  Eat: Chunk             |     1 |     8 |     6 ||    15
Armor: Scale mail        |    52 |   165 |    30 ||   247
       Plate armour      |       |       |   122 ||   122
Dodge: Dodged            |    43 |    89 |    47 ||   179
Block: Shield            |    54 |   154 |   110 ||   318
